 Dungeon Crawl Stone Soup version 0.31-a0-192-ga50d7bf3bb (webtiles) character file.

Game seed: 7277629024754611492

9060 qw the Markself (level 11, 0/67 HPs)
             Began as a Deep Elf Hunter on June 23, 2023.
             Was a Priest of Okawaru.
             Slain by a cane toad (18 damage)
             ... on level 1 of the Lair of Beasts.
             The game lasted 00:03:54 (8146 turns).

qw the Markself (Deep Elf Hunter)                   Turns: 8146, Time: 00:03:55

Health: 0/67       AC: 16    Str: 12    XL:     11   Next: 18%
Magic:  15/16      EV: 19    Int: 15    God:    Okawaru [***...]
Gold:   358        SH:  0    Dex: 18    Spells: 10/10 levels left

rFire   . . .        Y - +0 orcbow
rCold   + . .        (shield currently unavailable)
rNeg    . . .        e - +2 ring mail {rPois}
rPois   +            (no helmet)
rElec   .            j - +1 cloak
rCorr   .            l - +2 pair of gloves
SInv    +            s - +1 pair of boots
Will    +....        b - amulet of regeneration
Stlth   +++          o - ring of see invisible
HPRegen 1.11/turn    i - ring of protection from cold
MPRegen 0.15/turn

%: no passive effects
@: lethally poisoned (0 -> -7), heroic, slowed, very slow
A: no striking features
a: Renounce Religion, Heroism


You were on level 1 of the Lair of Beasts.
You worshipped Okawaru.
Okawaru was most pleased with you.
You visited 3 branches of the dungeon, and saw 12 of its levels.

You collected 562 gold pieces.
You spent 204 gold pieces at shops.


   Skills:
 - Level 7.0(12.0) Fighting
 - Level 16.1(21.1) Ranged Weapons
 + Level 3.0(8.0) Armour
 - Level 10.0(15.0) Dodging
 - Level 1.2(6.2) Stealth
 - Level 4.0 Invocations


You had 10 spell levels left.
You didn't know any spells.
Your spell library was empty.

Inventory:

Hand Weapons
 Y - a +0 orcbow (weapon)
Armour
 e - a +2 ring mail of poison resistance (worn)
 f - a +0 troll leather armour
 j - a +1 cloak (worn)
 l - a +2 pair of gloves (worn)
 s - a +1 pair of boots (worn)
Jewellery
 a - a ring of positive energy
 b - an amulet of regeneration (around neck)
 h - a ring of protection from cold
 i - a ring of protection from cold (right hand)
 o - a ring of see invisible (left hand)
 r - a ring of willpower
 u - a ring of positive energy
Wands
 q - a wand of digging (4)
Scrolls
 g - 4 scrolls of identify
Potions
 c - a potion of might
 d - 4 potions of haste
 k - a potion of mutation
 m - 3 potions of curing
 n - a potion of heal wounds

Dungeon Overview and Level Annotations

Branches:
Dungeon (10/15)            Temple (1/1) D:6            Lair (1/5) D:10
    Orc: D:9-12

Altars:
Ashenzari
Cheibriados
Dithmenos
Elyvilon
Fedhas
Gozag
Hepliaklqana
Kikubaaqudgha
Makhleb
Nemelex Xobeh
Okawaru
Qazlal
Ru
Sif Muna
Trog
Uskayaw
Vehumet
Wu Jian
Xom
Yredelemnul
Zin
The Shining One

Shops:
D:2 ?   D:3 =   D:9 [


Message History

The cane toad croaks.
The arrow hits the black mamba.
The black mamba is lightly wounded.
The black mamba bites you but does no damage.
The black mamba barely misses you.
You shoot an arrow. The arrow hits the yak!!
The yak is almost dead.
The black mamba misses you. The yak misses you. The black mamba bites you.
You shoot an arrow. The arrow hits the yak.
The yak is almost dead.
The black mamba completely misses you. The yak gores you!
The black mamba bites you! The yak completely misses you.
You shoot an arrow. The arrow completely misses the yak.
The arrow hits the torpor snail!
The torpor snail is moderately wounded.
The black mamba bites you!
The black mamba bites you but does no damage.
The yak gores you! The black mamba bites you.
You shoot an arrow. The arrow hits the yak.
You kill the yak!
Okawaru accepts your kill. The black mamba closely misses you.
The cane toad stings you but does no damage.
The black mamba completely misses you.
Your base Fighting skill increases to level 7!
You shoot an arrow.
The arrow hits the black mamba but does no damage.
The black mamba is lightly wounded.
The cane toad stings you but does no damage.
The black mamba completely misses you. The black mamba bites you.
You are poisoned.
The black mamba poisons you!
The cane toad stings you but does no damage.
You shoot an arrow.
The arrow hits the torpor snail but does no damage.
The torpor snail is moderately wounded.
You feel very sick.
The black mamba bites you but does no damage.
The cane toad stings you!!
You die...

.# #. .# #. ... ..>..
...# #.#.#.#.#.#.#.#
$............#
#.#.#.#.#.#.#
...........###
.#.#.#w#.#.#.#...#
......S@.........##
.#.#.#F#.#.#.#....## ##
..................##.##
#.#.#.#.#.#.#.........#
#..####..............
#...##...............
#....................
##...................
..........###......##


You could see a torpor snail, a black mamba and a cane toad.

Vanquished Creatures
  A two-headed ogre (D:10)
  Maurice (D:7)
  A komodo dragon (D:10)
  2 trolls
  5 wyverns
  Sigmund (D:2)
  10 yaks
  2 basilisks (D:10)
  Eustachio (D:5)
  2 wraiths (D:9)
  2 vampires (D:9)
  2 steam dragons
  3 water moccasins
  2 acid dragons (D:10)
  A swamp drake (D:10)
  3 orc warriors
  4 sky beasts
  5 ice beasts
  2 centaurs
  An ogre (D:7)
  3 phantoms
  2 kobold brigands (D:8)
  A bullfrog (D:9)
  6 scorpions
  3 killer bees (D:9)
  3 howler monkeys
  2 jellies
  4 hounds
  3 orc priests
  A sleepcap (D:5)
  3 iguanas (D:4)
  Terence (D:2)
  Natasha (thrice) (D:2)
  5 orc wizards
  7 gnolls
  7 adders
  A shadow imp (D:6)
  2 white imps
  An ufetubus (D:5)
  4 worms
  3 dart slugs
  29 orcs
  11 ball pythons
  5 bats
  9 endoplasms
  3 giant cockroaches
  9 goblins
  13 hobgoblins
  22 kobolds
  2 quokkas
  4 frilled lizards
  4 rats (D:1)
227 creatures vanquished.

Notes
Turn   | Place    | Note
-------+----------+-------------------------------------------
     0 | D:1      | qw the Deep Elf Hunter began the quest for the Orb.
     0 | D:1      | Reached XP level 1. HP: 12/12 MP: 3/3
     0 | D:1      | 0 ||| qw: Version: 0.3-a-9-g12657ce
     0 | D:1      | 0 ||| qw: Game counter: 4576
     0 | D:1      | 0 ||| qw: Always use a shield: true
     0 | D:1      | 0 ||| qw: God list: Okawaru
     0 | D:1      | 0 ||| qw: Allow faded altars: false
     0 | D:1      | 0 ||| qw: Do Orc after D:15 true
     0 | D:1      | 0 ||| qw: Do second Lair branch before Depths: true
     0 | D:1      | 0 ||| qw: Lair rune preference: random
     0 | D:1      | 0 ||| qw: Plans: Normal
     0 | D:1      | 0 ||| PLANNING D:1-11
   106 | D:1      | Reached XP level 2. HP: 16/16 MP: 4/4
   117 | D:1      | Reached skill level 6 in Ranged Weapons
   153 | D:1      | HP: 4/16 [frozen (2)]
   385 | D:1      | Reached XP level 3. HP: 20/20 MP: 5/5
   516 | D:1      | Found a faded altar of an unknown god.
   575 | D:1      | 575 ||| UPGRADING to +0 ring mail.
   585 | D:1      | 585 ||| DROPPING +0 leather armour.
   586 | D:1      | 586 ||| UPGRADING to +0 pair of gloves.
   591 | D:1      | 591 ||| READING scroll labelled VIV VOMUST.
   592 | D:1      | 592 ||| READING 2 scrolls labelled UPNEHA QURAU.
   593 | D:1      | 593 ||| READING scroll labelled SOEVAW BATIO.
   594 | D:1      | 594 ||| READING scroll labelled XISYAD LISAQA.
   595 | D:1      | 595 ||| READING scroll labelled GEFOHACSIQ.
   596 | D:1      | 596 ||| DROPPING scroll of butterflies.
   682 | D:2      | Noticed Sigmund
   691 | D:2      | HP: 5/20 [Sigmund/magic dart (9)]
   692 | D:2      | Killed Sigmund
   693 | D:2      | Reached skill level 9 in Ranged Weapons
   693 | D:2      | Reached XP level 4. HP: 7/25 MP: 6/6
   693 | D:2      | Reached XP level 5. HP: 8/29 MP: 7/7
   749 | D:2      | 749 ||| FLEEEEING.
   751 | D:2      | 751 ||| FLEEEEING.
   752 | D:2      | 752 ||| FLEEEEING.
   754 | D:2      | 754 ||| FLEEEEING.
   831 | D:2      | Found Duabud's Magic Scroll Emporium.
   840 | D:2      | 840 ||| SHOPLISTING scroll of enchant weapon (75 gold, have
                  | 34).
   840 | D:2      | 840 ||| BUYING scroll of identify (20 gold).
   840 | D:2      | Bought a scroll of identify for 20 gold pieces
   840 | D:2      | 840 ||| SHOPLISTING scroll of identify (20 gold, have 14).
   921 | D:2      | Noticed Terence
   925 | D:2      | Killed Terence
   979 | D:2      | Noticed Natasha
   991 | D:2      | Killed Natasha
   992 | D:2      | 992 ||| FLEEEEING.
   993 | D:2      | 993 ||| FLEEEEING.
   994 | D:2      | 994 ||| FLEEEEING.
   995 | D:2      | 995 ||| FLEEEEING.
   996 | D:2      | 996 ||| FLEEEEING.
   998 | D:2      | 998 ||| FLEEEEING.
   999 | D:2      | 999 ||| FLEEEEING.
  1000 | D:2      | 1000 ||| FLEEEEING.
  1001 | D:2      | 1001 ||| FLEEEEING.
  1002 | D:2      | 1002 ||| FLEEEEING.
  1003 | D:2      | 1003 ||| FLEEEEING.
  1004 | D:2      | 1004 ||| FLEEEEING.
  1005 | D:2      | 1005 ||| FLEEEEING.
  1008 | D:2      | 1008 ||| FLEEEEING.
  1012 | D:2      | 1012 ||| STAIRDANCE
  1052 | D:1      | 1052 ||| UPGRADING to amulet of regeneration.
  1057 | D:1      | 1057 ||| READING scroll labelled HAVAVE CIGAU.
  1058 | D:1      | 1058 ||| READING scroll labelled ZIMUORCHOQA.
  1059 | D:1      | 1059 ||| DRINKING 2 gluggy clear potions.
  1092 | D:1      | 1092 ||| READING 2 scrolls of identify.
  1092 | D:1      | 1092 ||| IDENTIFYING dark potion
  1093 | D:1      | 1093 ||| DROPPING potion of degeneration.
  1094 | D:1      | 1094 ||| DROPPING potion of lignification.
  1154 | D:2      | Noticed Natasha
  1163 | D:2      | Killed Natasha
  1164 | D:2      | Reached XP level 6. HP: 28/35 MP: 8/8
  1180 | D:2      | Identified the +10 long sword of Painted Prudence {elec,
                  | Drain rElec Int+4 SInv}
  1375 | D:2      | Noticed Natasha
  1376 | D:2      | Killed Natasha
  1508 | D:2      | 1508 ||| DRINKING 2 yellow potions.
  1509 | D:2      | 1509 ||| READING 3 scrolls of identify.
  1509 | D:2      | 1509 ||| IDENTIFYING coppery potion
  1510 | D:2      | 1510 ||| READING 2 scrolls of identify.
  1510 | D:2      | 1510 ||| IDENTIFYING fuming black potion
  1565 | D:3      | Found Buczocodgh's Jewellery Shoppe.
  1570 | D:3      | 1570 ||| SHOPLISTING +4 ring of protection (468 gold, have
                  | 47).
  1570 | D:3      | 1570 ||| SHOPLISTING amulet of reflection (390 gold, have
                  | 47).
  1570 | D:3      | 1570 ||| SHOPLISTING ring "Forchete" {Contam rElec Int+9
                  | Dex+3 Slay+4} (1405 gold, have 47).
  1570 | D:3      | 1570 ||| SHOPLISTING ring of protection from cold (325
                  | gold, have 47).
  1570 | D:3      | 1570 ||| SHOPLISTING ring of see invisible (195 gold, have
                  | 47).
  1653 | D:3      | Found an opulent altar of Gozag.
  1857 | D:3      | Noticed an ice beast
  1865 | D:3      | Killed an ice beast
  1866 | D:3      | Reached skill level 10 in Ranged Weapons
  2102 | D:3      | Found a shimmering blue altar of Sif Muna.
  2161 | D:3      | 2161 ||| READING scroll labelled WOIRHYONOM.
  2165 | D:3      | 2165 ||| READING scroll labelled OVUIRO INIEFEJ.
  2175 | D:4      | 2175 ||| STAIRDANCE
  2180 | D:3      | Reached skill level 3 in Dodging
  2196 | D:4      | Reached skill level 1 in Armour
  2196 | D:4      | Reached XP level 7. HP: 26/40 MP: 9/9
  2259 | D:4      | 2259 ||| READING 3 scrolls of enchant armour.
  2259 | D:4      | 2259 ||| ENCHANTING +0 pair of gloves.
  2260 | D:4      | 2260 ||| READING 2 scrolls of enchant armour.
  2260 | D:4      | 2260 ||| ENCHANTING +1 pair of gloves.
  2261 | D:4      | 2261 ||| READING scroll of enchant armour.
  2261 | D:4      | 2261 ||| ENCHANTING +0 ring mail.
  2281 | D:4      | Reached skill level 11 in Ranged Weapons
  2465 | D:4      | 2465 ||| FLEEEEING.
  2696 | D:4      | 2696 ||| READING scroll of enchant weapon.
  2696 | D:4      | 2696 ||| ENCHANTING +0 heavy shortbow.
  2710 | D:4      | Reached skill level 12 in Ranged Weapons
  2805 | D:4      | 2805 ||| UPGRADING to ring of willpower.
  2806 | D:4      | 2806 ||| READING scroll labelled KIASAS JADGHUGU.
  2807 | D:4      | 2807 ||| DRINKING 2 cyan potions.
  2809 | D:4      | 2809 ||| Stepping ~*~*~tactically~*~*~ (cloud).
  2851 | D:5      | Entered Level 5 of the Dungeon
  2897 | D:5      | Reached XP level 8. HP: 45/45 MP: 10/10
  2938 | D:5      | Found a basalt altar of Yredelemnul.
  2972 | D:5      | 2972 ||| READING scroll of enchant armour.
  2972 | D:5      | 2972 ||| ENCHANTING +1 ring mail.
  2978 | D:5      | Reached skill level 3 in Fighting
  3003 | D:5      | Noticed Eustachio
  3028 | D:5      | Killed Eustachio
  3624 | D:5      | 3624 ||| UPGRADING to ring of protection from cold.
  3625 | D:5      | 3625 ||| UPGRADING to ring of see invisible.
  3627 | D:5      | 3627 ||| READING 5 scrolls of identify.
  3627 | D:5      | 3627 ||| IDENTIFYING green potion
  3628 | D:5      | 3628 ||| READING 4 scrolls of identify.
  3628 | D:5      | 3628 ||| IDENTIFYING red potion
  3629 | D:5      | 3629 ||| READING 3 scrolls of identify.
  3629 | D:5      | 3629 ||| IDENTIFYING lumpy dark potion
  3630 | D:5      | 3630 ||| DROPPING potion of brilliance.
  3631 | D:5      | 3631 ||| DROPPING potion of ambrosia.
  3667 | D:6      | 3667 ||| STAIRDANCE
  3733 | D:6      | Found a staircase to the Ecumenical Temple.
  3734 | D:6      | 3734 ||| PLANNING TEMPLE
  3739 | Temple   | Entered the Ecumenical Temple
  3740 | Temple   | 3740 ||| PLANNING OKAWARU WORSHIP
  3755 | Temple   | Became a worshipper of Warmaster Okawaru
  3756 | Temple   | 3756 ||| PLANNING D:1-11
  3995 | D:6      | Found a hazy altar of Hepliaklqana.
  4005 | D:6      | Found a stormy altar of Qazlal.
  4024 | D:6      | Reached skill level 13 in Ranged Weapons
  4054 | D:6      | Reached * piety under Okawaru
  4055 | D:6      | Reached skill level 14 in Ranged Weapons
  4060 | D:6      | Reached skill level 1 in Invocations
  4060 | D:6      | Reached XP level 9. HP: 42/51 MP: 10/12
  4314 | D:6      | Reached ** piety under Okawaru
  4408 | D:6      | 4408 ||| INVOKING Heroism.
  4416 | D:6      | Reached skill level 3 in Invocations
  4646 | D:6      | 4646 ||| READING scroll labelled QOTHRU WOGI.
  4669 | D:6      | 4669 ||| READING 4 scrolls of identify.
  4669 | D:6      | 4669 ||| IDENTIFYING brown potion
  4736 | D:7      | 4736 ||| INVOKING Heroism.
  4739 | D:7      | Reached skill level 6 in Dodging
  4763 | D:7      | 4763 ||| SWAPPING to +0 orcbow.
  4764 | D:7      | 4764 ||| DROPPING +1 heavy shortbow.
  5463 | D:7      | 5463 ||| READING scroll labelled GIHAUS UKKANARI.
  5565 | D:8      | 5565 ||| Stepping ~*~*~tactically~*~*~ (outnumbered).
  5566 | D:8      | 5566 ||| Stepping ~*~*~tactically~*~*~ (outnumbered).
  5644 | D:8      | Reached skill level 15 in Ranged Weapons
  5734 | D:8      | 5734 ||| INVOKING Heroism.
  5786 | D:8      | 5786 ||| INVOKING Heroism.
  5892 | D:8      | 5892 ||| INVOKING Heroism.
  6009 | D:8      | 6009 ||| Stepping ~*~*~tactically~*~*~ (outnumbered).
  6025 | D:8      | 6025 ||| INVOKING Heroism.
  6046 | D:8      | 6046 ||| INVOKING Heroism.
  6137 | D:8      | Noticed Maurice
  6144 | D:8      | 6144 ||| STAIRDANCE
  6155 | D:7      | Killed Maurice
  6156 | D:7      | Reached skill level 16 in Ranged Weapons
  6156 | D:7      | Reached XP level 10. HP: 49/56 MP: 15/15
  6165 | D:7      | 6165 ||| UPGRADING to +0 cloak.
  6170 | D:7      | 6170 ||| READING 4 scrolls of identify.
  6170 | D:7      | 6170 ||| IDENTIFYING amethyst potion
  6253 | D:9      | Found Hakh's Armour Emporium.
  6256 | D:9      | 6256 ||| INVOKING Heroism.
  6281 | D:9      | 6281 ||| BUYING +1 pair of boots (184 gold).
  6281 | D:9      | Bought a +1 pair of boots for 184 gold pieces
  6335 | D:9      | Found a bloodstained altar of Trog.
  6335 | D:9      | Found a radiant altar of Vehumet.
  6363 | D:9      | 6363 ||| INVOKING Heroism.
  6378 | D:9      | HP: 11/57 [troll (12)]
  6379 | D:9      | 6379 ||| READING 2 scrolls of teleportation.
  6380 | D:9      | 6380 ||| DRINKING potion of heal wounds.
  6421 | D:9      | 6421 ||| INVOKING Heroism.
  6523 | D:9      | 6523 ||| READING scroll of enchant armour.
  6523 | D:9      | 6523 ||| ENCHANTING +0 cloak.
  6559 | D:9      | 6559 ||| INVOKING Heroism.
  6571 | D:9      | 6571 ||| INVOKING Heroism.
  6780 | D:9      | 6780 ||| INVOKING Heroism.
  6805 | D:9      | 6805 ||| UPGRADING to +0 troll leather armour.
  6815 | D:9      | 6815 ||| DROPPING +2 ring mail.
  6816 | D:9      | 6816 ||| UPGRADING to +1 pair of boots.
  6821 | D:9      | 6821 ||| READING scroll labelled VEOHIO UMPOLOQ.
  6922 | D:9      | 6922 ||| READING 6 scrolls of identify.
  6922 | D:9      | 6922 ||| IDENTIFYING viscous emerald potion
  6923 | D:9      | 6923 ||| DROPPING potion of berserk rage.
  6956 | D:10     | Entered Level 10 of the Dungeon
  6996 | D:10     | Noticed a two-headed ogre
  6997 | D:10     | 6997 ||| INVOKING Heroism.
  7003 | D:10     | Killed a two-headed ogre
  7004 | D:10     | Reached skill level 9 in Dodging
  7036 | D:10     | 7036 ||| INVOKING Heroism.
  7130 | D:10     | 7130 ||| INVOKING Heroism.
  7143 | D:10     | Reached skill level 6 in Fighting
  7144 | D:10     | 7144 ||| DRINKING potion of cancellation.
  7173 | D:10     | 7173 ||| DRINKING potion of resistance.
  7185 | D:10     | Reached *** piety under Okawaru
  7241 | D:10     | Found a staircase to the Lair.
  7463 | D:10     | 7463 ||| INVOKING Heroism.
  7467 | D:10     | HP: 12/60 [yak (8)]
  7468 | D:10     | 7468 ||| READING scroll of teleportation.
  7474 | D:10     | HP: 6/60 [acid dragon/splash of acid (15)]
  7519 | D:10     | 7519 ||| INVOKING Heroism.
  7525 | D:10     | Reached XP level 11. HP: 48/64 MP: 13/16
  7589 | D:10     | Reached skill level 3 in Armour
  7802 | D:10     | 7802 ||| INVOKING Heroism.
  7954 | D:10     | 7954 ||| PLANNING LAIR
  7954 | D:10     | 7954 ||| UPGRADING to +2 ring mail of poison resistance.
  7964 | D:10     | 7964 ||| READING 5 scrolls of identify.
  7964 | D:10     | 7964 ||| IDENTIFYING fuming brown potion
  7965 | D:10     | 7965 ||| DROPPING potion of attraction.
  8094 | Lair:1   | Entered Level 1 of the Lair of Beasts
  8139 | Lair:1   | 8139 ||| INVOKING Heroism.
  8146 | Lair:1   | Slain by a cane toad

Levels and vault maps discovered:
D:1:      scummos_arrival_simple_fountains, layout_rooms,
          hellmonk_ecumenical_altar_prayer_group
D:2:      layout_loops_ring, serial_shops, nicolae_shop_stone,
          minmay_close_crescents, uniq_terence, uniq_sigmund, uniq_natasha
D:3:      layout_loops_cross, lemuel_blue_sif_altar, overflow_temple_1_default,
          serial_shops, shop, minmay_misc_feat_more_columns
D:4:      cheibrodos_barr_body, layout_gridville, serial_rivers,
          chequers_serial_rivers_room_b, chequers_serial_rivers_marsh,
          chequers_serial_rivers_micro_b, chequers_serial_rivers_small_b,
          minmay_cut_off
D:5:      layout_basic, lemuel_crystal_altar, minmay_crossroads, uniq_eustachio
D:6:      layout_loops_corners, nicolae_hepliaklqana_hazy_memory,
          mainiacjoe_overflow_alcove_1, temple_statues
D:7:      layout_basic, hex_medium
D:8:      layout_loops_ring, minivault_19, corexii_checkpoint_b, uniq_maurice
D:9:      layout_rooms, gammafunk_temple_overflow_wave, serial_shops,
          nicolae_shop_statue_plus, minivault_1
D:10:     old_forge, layout_basic, erik_lair_dragon
Temple:   hellmonk_temple_two_chambers
Lair:1:   layout_layer_cave, st_stairs_11, minivault_24, serial_bayou_shore_b

Skill      XL: |  1  2  3  4  5  6  7  8  9 10 11 |
---------------+----------------------------------+-----
Ranged Weapons | 6 9 10 12 14 16 | 16.1
Fighting       | 2 3 4 6 7 |  7.0
Dodging        | 3 5 6 10 | 10.0
Armour         | 1 2 3 |  3.0
Invocations    | 1 4 |  4.0
Stealth        | |  1.2

Action                     |  1- 3 |  4- 6 |  7- 9 | 10-12 || total
---------------------------+-------+-------+-------+-------++-------
   Fire: Shortbow          |    75 |   112 |   226 |       ||   413
         Orcbow            |       |       |   155 |   297 ||   452
 Invoke: Heroism           |       |       |     7 |    13 ||    20
    Use: Scroll            |     5 |     7 |    12 |     7 ||    31
         Potion            |       |     2 |     1 |     3 ||     6
 Armour: Leather armour    |     4 |       |       |       ||     4
         Ring mail         |       |    21 |   102 |    39 ||   162
         Troll leather arm |       |       |       |    15 ||    15
  Dodge: Dodged            |     5 |    31 |   121 |   126 ||   283

Table legend:
 A = Non-vault XP
 B = Vault XP
 C = Vault XP percentage of total XP
 D = Non-vault monster count
 E = Vault monster count
 F = Vault count percentage of total count
                 A         B        C        D         E       F
            +---------+---------+-------+---------+---------+-------
      Total |    9655 |    3289 |  25.4 |     182 |      45 |  19.8
            +---------+---------+-------+---------+---------+-------
        D:1 |      44 |       2 |   4.3 |      24 |       1 |   4.0
        D:2 |     119 |     301 |  71.7 |      21 |       7 |  25.0
        D:3 |     219 |       0 |   0.0 |      16 |       0 |   0.0
        D:4 |     294 |     445 |  60.2 |      17 |      17 |  50.0
        D:5 |     188 |     227 |  54.7 |      11 |       4 |  26.7
        D:6 |    1730 |       0 |   0.0 |      23 |       0 |   0.0
        D:7 |     689 |     449 |  39.5 |      12 |       1 |   7.7
        D:8 |     873 |       4 |   0.5 |      22 |       2 |   8.3
        D:9 |    2119 |       0 |   0.0 |      15 |       0 |   0.0
       D:10 |    3229 |    1648 |  33.8 |      20 |      12 |  37.5
     Lair:1 |     151 |     213 |  58.5 |       1 |       1 |  50.0
            +---------+---------+-------+---------+---------+-------
